 Dungeon Crawl Stone Soup version 0.15.0-31-geb66e34 (console) character file.

7981 gw the Basher (level 11, 0/100 HPs)
             Began as a Deep Dwarf Gladiator on Sept 13, 2014.
             Was a High Priest of Makhleb.
             Slain by Sonja
             ... wielding a +0 dagger of distortion
              (2 damage)
             ... on Level 11 of the Dungeon.
             The game lasted 00:10:16 (8938 turns).

gw the Basher (Deep Dwarf Gladiator)                Turns: 8938, Time: 00:10:16

HP   0/100       AC 23     Str 19      XL: 11   Next:  3%
MP  20/20        EV  6     Int  9      God: Makhleb [*****.]
Gold 0           SH  0     Dex 16      Spells:  0 memorised, 10 levels left

rFire  . . .     SeeInvis .     a - +0 morningstar
rCold  . . .     Clarity  .     t - +0 plate armour (curse)
rNeg   + + .     rCorr    .     (no shield)
rPois  .         rRot     .     c - +0 helmet
rElec  .         Spirit   .     v - +1 cloak
SustAb .         Warding  .     n - +1 pair of gloves
rMut   .         Stasis   .     y - +2 pair of boots
Gourm  .                        (no amulet)
MR     +....                    o - ring of positive energy
                                k - cursed ring of positive energy

@: lethally poisoned, short of breath, non-regenerating, slowed, very slow,
somewhat resistant to hostile enchantments, extremely unstealthy
A: damage resistance, recharge devices, sense surroundings 2, slow healing 3
a: Device Recharging, Minor Destruction, Lesser Servant of Makhleb, Major
Destruction, Greater Servant of Makhleb, Renounce Religion


You were on level 11 of the Dungeon.
You worshipped Makhleb.
Makhleb was extremely pleased with you.
You were not hungry.

You visited 1 branch of the dungeon, and saw 11 of its levels.

Inventory:

Hand weapons
 a - a +0 morningstar (weapon)
 b - a +0 hand crossbow
Missiles
 d - 6 throwing nets
 l - 87 bolts
Armour
 c - a +0 helmet (worn)
 n - a +1 pair of gloves (worn)
 t - a cursed +0 plate armour (worn)
 v - a +1 cloak (worn)
 y - a +2 pair of boots (worn)
Magical devices
 e - a wand of heal wounds (2)
 s - a wand of polymorph (17)
Comestibles
 f - 9 bread rations
 g - a chunk of quokka flesh
 m - 4 meat rations
 u - 6 beef jerkies
 w - a slice of pizza
Scrolls
 h - 7 scrolls of identify
 j - 2 scrolls of fog
 p - 2 scrolls of teleportation
 q - 5 scrolls of remove curse
Jewellery
 k - a cursed ring of positive energy (left hand)
 o - a ring of positive energy (right hand)
Potions
 i - 3 potions of restore abilities
 r - a potion of mutation


   Skills:
 + Level 7.2 Fighting
 * Level 11.4 Maces & Flails
 + Level 0.7 Crossbows
 - Level 1.7 Throwing
 + Level 8.5 Armour
 - Level 3.2 Dodging
 + Level 9.1 Invocations


You had 10 spell levels left.
You didn't know any spells.

Dungeon Overview and Level Annotations

Branches:
Dungeon (11/15)            Temple (0/1) D:5             Orc (0/4) D:10
   Lair (0/8) D:10

Altars:
Ashenzari
Dithmenos
Elyvilon
Makhleb
Qazlal
Sif Muna
Vehumet
Yredelemnul
The Shining One
Beogh

Annotations:
D:11 Sonja


Innate Abilities, Weirdness & Mutations

You are resistant to damage.
You can recharge devices by infusing magical energy.
You passively map the area around you.
You do not heal naturally.


Message History

Unknown command.
ATTACK MOVE TO (0,-1) Wield which item (- for none, * to show all)? (? for menu, Esc to quit)
a - a +0 morningstar (weapon)
ATTACK MOVE TO (0,-1) Sonja mumbles some strange words.
Sonja blinks!
Sonja unwields an uncursed blowgun.
Sonja wields an uncursed dagger of distortion.
Its appearance distorts for a moment.
Sonja hits you but does no damage. Space bends around you.
Sonja hits you but does no damage. Sonja barely misses you.
ATTACK MOVE TO (-1,-1)
You closely miss Sonja. Sonja hits you but does no damage.
Space warps horribly around you! Sonja hits you but does no damage.
Space warps horribly around you! Sonja hits you but does no damage.
Space bends around you.
Sonja hits you with an uncursed dagger of distortion.
Space warps horribly around you!
Sonja hits you with an uncursed dagger of distortion.
You die...

, , ... * , ,
,.##...### *, ,
....... , * ,,, ,, ,
.....ยค. ,, , ,
..... * , , , * , ,,
#...#* * , , #...#
*, *, , , #K..# ,,
#.g.# , * , * *
##(## ## **#### #.#
* , , * #.. ,..#
#.######## ,* * , ..
#.# #........# , *
*#.##.###..#####.#**
* #............##.##
* #.....###)##.....#
#.....)((.#####..#


You could see Sonja.

Table legend:
 A = Turns spent in this place as a percentage of turns spent in the entire game.
 B = Non-inter-level travel turns spent in this place as a percentage of non-inter-level travel turns spent in the entire game.
 C = Inter-level travel turns spent in this place as a percentage of turns spent in this place.
 D = Turns resting spent in this place as a percentage of non-inter-level travel turns spent in this place.
 E = Turns spent auto-exploring this place as a percentage of non-inter-level travel turns spent in this place.
 F = Non-inter-level travel turns spent in this place divided by the number of levels of this place that you've seen.
                   A       B       C       D       E      F
               +-------+-------+-------+-------+-------+----------------------
         Total | 100.0 | 100.0 |   1.0 |   0.2 |  11.2 | 509.8
       Dungeon | 100.0 | 100.0 |   1.0 |   0.2 |  11.2 | 509.8
               +-------+-------+-------+-------+-------+----------------------

Table legend:
 A = Kills in this place as a percentage of kills in entire the game.
 B = Kills by you in this place as a percentage of kills by you in the entire game.
 C = Kills by friends in this place as a percentage of kills by friends in the entire game.
 D = Other kills in this place as a percentage of other kills in the entire game.
 E = Experience gained in this place as a percentage of experience gained in the entire game.
 F = Experience gained in this place divided by the number of levels of this place that you have seen.
                   A       B       C       D       E      F
               +-------+-------+-------+-------+-------+----------------------
         Total | 100.0 | 100.0 | 100.0 |  -nan | 100.0 | 1036.5
       Dungeon | 100.0 | 100.0 | 100.0 |  -nan | 100.0 | 1036.5
               +-------+-------+-------+-------+-------+----------------------

Vanquished Creatures
  A hill giant (D:10)
  An ugly thing (D:9)
  A hydra skeleton (D:9)
  The ghost of gw the Cudgeler, an average DDGl (D:4)
  4 hungry ghosts
  Grum (D:9)
  3 yaks (D:9)
  4 wolves (D:9)
  Menkaure (D:6)
  4 ice beasts
  A yellow wasp (D:8)
  An orc warrior (D:7)
  3 sky beasts
  A black bear (D:10)
  A phantom (D:8)
  5 centaurs
  2 crocodiles (D:10)
  3 ogres
  4 big kobolds
  3 giant frogs
  Blork the orc (D:4)
  A gnoll sergeant (D:9)
  A scorpion (D:5)
  3 lava snakes (D:8)
  A troll skeleton (D:10)
  4 killer bees (D:7)
  A quasit (D:6)
  3 goliath beetles
  5 crimson imps
  5 hounds
  A gnoll shaman (D:5)
  5 orc wizards
  2 iguanas
  2 orc priests
  A two-headed ogre skeleton (D:9)
  2 jellies
  A soldier ant zombie (D:10)
  7 worker ants
  An ogre zombie (D:8)
  24 gnolls
  9 adders
  An orc skeleton (D:10)
  4 shadow imps
  3 giant mites
  2 worms
  An ufetubus (D:10)
  An adder zombie (D:4)
  An orc zombie (D:4)
  42 orcs
  3 giant cockroaches
  33 hobgoblins
  9 jackals
  3 quokkas
  A ball python (D:1)
  21 bats
  6 giant geckos
  4 giant newts
  42 goblins
  A goblin skeleton (D:5)
  27 kobolds
  A quokka zombie (D:6)
  10 rats
341 creatures vanquished.

Vanquished Creatures (collateral kills)
  An oklob plant (D:10)
  A two-headed ogre (D:11)
  A ynoxinul (D:10)
  2 yaks (D:9)
  A hill giant zombie (D:11)
  An orc warrior (D:10)
  A giant frog (D:11)
  A big kobold (D:11)
  A lava snake (D:8)
  A crocodile zombie (D:8)
  A gnoll (D:9)
  2 ufetubi (D:10)
  10 orcs (D:10)
  A jackal (D:10)
  4 kobolds (D:11)
  A quokka (D:11)
30 creatures vanquished.

Vanquished Creatures (others)
  A hellwing (D:10)
  A ynoxinul (D:8)
  2 crimson imps
  A lava snake (D:8)
  A white imp (D:9)
  A shadow imp (D:9)
  3 ufetubi (D:8)
10 creatures vanquished.

Grand Total: 381 creatures vanquished

Notes
Turn   | Place    | Note
--------------------------------------------------------------
     0 | D:1      | gw, the Deep Dwarf Gladiator, began the quest for the Orb.
     0 | D:1      | Reached XP level 1. HP: 19/19 MP: 1/1
   189 | D:1      | Reached XP level 2. HP: 23/26 MP: 2/2
   490 | D:1      | Reached skill level 1 in Armour
   793 | D:2      | Reached XP level 3. HP: 23/32 MP: 3/3
  1094 | D:2      | Reached skill level 4 in Maces & Flails
  1179 | D:2      | Reached XP level 4. HP: 20/40 MP: 4/4
  1637 | D:3      | Reached XP level 5. HP: 38/48 MP: 5/5
  1775 | D:3      | Found a basalt altar of Yredelemnul.
  1782 | D:3      | Noticed a profane servitor
  1793 | D:3      | Found a glowing golden altar of the Shining One.
  1794 | D:3      | Noticed an angel
  2354 | D:4      | Noticed gw's ghost (average DDGl)
  2373 | D:4      | Reached skill level 5 in Maces & Flails
  2419 | D:4      | Killed gw's ghost
  2419 | D:4      | Reached XP level 6. HP: 30/56 MP: 5/5
  2482 | D:4      | Found a burning altar of Makhleb.
  2506 | D:4      | Became a worshipper of Makhleb the Destroyer
  2763 | D:4      | Acquired Makhleb's first power
  2763 | D:4      | Reached skill level 1 in Invocations
  2782 | D:4      | Noticed Blork the orc
  2822 | D:4      | Killed Blork the orc
  2822 | D:4      | Reached XP level 7. HP: 29/63 MP: 5/7
  2875 | D:4      | Reached skill level 6 in Maces & Flails
  2916 | D:4      | Acquired Makhleb's second power
  3030 | D:4      | Found a white marble altar of Elyvilon.
  3031 | D:4      | Found a shadowy altar of Dithmenos.
  3033 | D:4      | Found a deep blue altar of Sif Muna.
  3262 | D:4      | Acquired Makhleb's third power
  3563 | D:5      | Entered Level 5 of the Dungeon
  3605 | D:5      | Found a white marble altar of Elyvilon.
  3651 | D:5      | HP: 3/64 [poisoned by a kobold]
  3652 | D:5      | HP: 1/64 [poisoned by a kobold]
  3874 | D:5      | Reached skill level 7 in Maces & Flails
  3874 | D:5      | Reached XP level 8. HP: 45/73 MP: 11/11
  4067 | D:5      | Reached skill level 5 in Armour
  4135 | D:5      | Found a staircase to the Ecumenical Temple.
  4411 | D:6      | Acquired Makhleb's fourth power
  4638 | D:6      | Reached skill level 8 in Maces & Flails
  4783 | D:6      | Noticed Menkaure
  4788 | D:6      | Killed Menkaure
  4788 | D:6      | Reached skill level 5 in Fighting
  4977 | D:6      | Found a shadowy altar of Dithmenos.
  5191 | D:6      | Gained mutation: You can breathe flames. [potion of mutation]
  5191 | D:6      | Gained mutation: Your mind is acute. (Int +2) [potion of mutation]
  5333 | D:7      | Gained mutation: You passively map the area around you. [level up]
  5333 | D:7      | Reached XP level 9. HP: 81/81 MP: 14/14
  5611 | D:7      | Reached skill level 5 in Invocations
  5626 | D:7      | Acquired Makhleb's fifth power
  5751 | D:7      | Found a shattered altar of Ashenzari.
  6074 | D:8      | Reached skill level 9 in Maces & Flails
  6229 | D:8      | Found a stormy altar of Qazlal.
  6882 | D:8      | Lost mutation: Your mind is acute. (Int +2) [potion of cure mutation]
  6882 | D:8      | Lost mutation: You can breathe flames. [potion of cure mutation]
  7165 | D:9      | Reached skill level 10 in Maces & Flails
  7165 | D:9      | Reached XP level 10. HP: 75/91 MP: 17/17
  7188 | D:9      | Found a burning altar of Makhleb.
  7188 | D:9      | Found a radiant altar of Vehumet.
  7372 | D:9      | Noticed Grum
  7383 | D:9      | Killed Grum
  7621 | D:9      | Noticed a brown ugly thing
  7641 | D:9      | Killed a brown ugly thing
  7940 | D:9      | Identified a scroll of acquirement
  7963 | D:10     | Entered Level 10 of the Dungeon
  7970 | D:10     | Found a staircase to the Orcish Mines.
  8026 | D:10     | Noticed an oklob plant
  8029 | D:10     | Found a staircase to the Lair.
  8036 | D:10     | Killed an oklob plant
  8036 | D:10     | Reached skill level 11 in Maces & Flails
  8139 | D:10     | Noticed a hill giant
  8154 | D:10     | Killed a hill giant
  8199 | D:10     | Found a roughly hewn altar of Beogh.
  8812 | D:11     | Reached XP level 11. HP: 45/100 MP: 20/20
  8935 | D:11     | Noticed Sonja
  8938 | D:11     | HP: 2/100 [Sonja/uncursed dagger of distortion (8)]
  8938 | D:11     | Slain by Sonja

Action                   |  1- 3 |  4- 6 |  7- 9 | 10-12 || total
-------------------------+-------+-------+-------+-------++-------
Melee: Flail             |   102 |   287 |   441 |   120 ||   950
       Morningstar       |       |       |       |    74 ||    74
       Hand crossbow     |       |       |       |     1 ||     1
 Fire: Hand crossbow     |       |       |       |    24 ||    24
Invok: Minor Destruction |       |       |   170 |    72 ||   242
       Lesser Servant of |       |       |     2 |     4 ||     6
       Greater Servant o |       |       |       |     2 ||     2
 Abil: Device Recharging |       |     1 |     3 |       ||     4
       Breathe Fire      |       |       |    13 |       ||    13
Evoke: Wand              |       |     8 |    18 |       ||    26
  Use: Potion            |     4 |     1 |     4 |     6 ||    15
       Scroll            |     2 |     7 |     8 |     5 ||    22
 Stab: Distracted        |       |       |       |     1 ||     1
  Eat: Chunk             |     1 |     7 |    16 |     9 ||    33
       Bread ration      |       |       |     2 |       ||     2

Vault maps used:
D:1:      lightli_molten_gateway
D:2:      serial_park_square1
D:3:      grunt_temple_overflow_holy_war, first_bread
D:4:      minmay_goblin_kobold_castle, gammafunk_temple_overflow_forgotten,
          makhleb_blood_cavern_becter, uniq_blork_the_orc
D:5:      lemuel_temple_firewalk_marked, small_statue_alley_b,
          nrook_pool_corridor, hangedman_abyss_or_decor_passed, elyvilon_altar_5
D:6:      minmay_misc_feat_alley, nicolae_dithmenos_the_darkroom, uniq_menkaure
D:7:      lemuel_coloured_pillars_altar
D:8:      kennysheep_big_flooded_room, nicolae_overflow_hidden_temple
D:9:      grunt_temple_overflow_lords_of_destruction, grunt_ogre_cave, uniq_grum
D:10:     orc_0_dummy, dpeg_oklobed_lair, special_room
D:11:     serial_glass, glass_columns_c, glass_columns_c, disabler_island,
          uniq_sonja, uniq_josephine
